 Dungeon Crawl Stone Soup version 0.27-a0-1548-gf8a67e7463 (webtiles) character file.

Game seed: 12917997101600029909

109 Spaninq the Skirmisher (level 4, -1/39 HPs)
             Began as a Palentonga Fighter on July 13, 2021.
             Killed from afar by a steam dragon (13 damage)
             ... with a ball of steam
             ... on level 6 of the Dungeon.
             The game lasted 00:05:31 (2345 turns).

Spaninq the Skirmisher (Palentonga Fighter)         Turns: 2345, Time: 00:05:31

Health: -1/39      AC:  8    Str: 20    XL:     4   Next: 60%
Magic:  4/4        EV:  5    Int:  8    God:
Gold:   141        SH:  9    Dex: 10    Spells: 3/3 levels left

rFire    . . .     SeeInvis +   a - +0 war axe
rCold    . . .     Faith    .   c - +0 kite shield
rNeg     . . .     Spirit   .   b - +0 scale mail
rPois    +         Reflect  .   (no helmet)
rElec    .         Harm     .   (no cloak)
rCorr    .         Rampage  .   k - +1 pair of gloves
Will     .....                  (no barding)
Stlth    ..........             n - amulet of regeneration
HPRegen  1.13/turn              e - ring of poison resistance
MPRegen  0.09/turn              (no ring)

@: brilliant, attractive, hasted, very quick
A: large, rugged brown scales 3, see invisible, deformed body, roll 1, armoured
tail
a: Rolling Charge


You were on level 6 of the Dungeon.
You visited 1 branch of the dungeon, and saw 4 of its levels.

You collected 141 gold pieces.

Inventory:

Hand Weapons
 a - a +0 war axe (weapon)
Armour
 b - a +0 scale mail (worn)
 c - a +0 kite shield (worn)
 k - a +1 pair of gloves (worn)
Jewellery
 e - a ring of poison resistance (left hand)
 n - an amulet of regeneration (around neck)
Wands
 l - a wand of flame (23)
Scrolls
 g - 4 scrolls of identify {unknown}
 m - a scroll of brand weapon {unknown}
 o - a scroll of amnesia {unknown}
Potions
 d - a potion of might
 f - a potion of attraction
 h - a potion of brilliance
 i - a potion of haste
 j - a potion of flight {unknown}


   Skills:
 + Level 3.7 Fighting
 * Level 3.6 Axes
 - Level 2.5 Armour
 + Level 3.0 Shields


You had 3 spell levels left.
You didn't know any spells.
Your spell library contained the following spells:

 Spells                   Type           Power      Damage    Failure   Level
 Magic Dart               Conj           0%         1d3       99%         1
 Call Imp                 Summ           0%         N/A       100%        2
 Slow                     Hex            0%         N/A       100%        2
 Confusing Touch          Hex            0%         N/A       100%        3
 Mephitic Cloud           Conj/Pois/Air  0%         N/A       100%        3
 Yara's Violent Unravell  Hex/Tmut       0%         3d3       100%        5


Dungeon Overview and Level Annotations

Branches:
Dungeon (3/15)

Altars:
Gozag
Zin

Shops:
D:2 ?


Innate Abilities, Weirdness & Mutations

You are completely covered in rugged brown scales. (AC +3, +7% HP)
You have supernaturally acute eyesight. (SInv)
Armour fits poorly on your strangely shaped body.
You can roll at nearby foes to attack.
You have a long armoured tail.


Message History

The ball of steam hits you!
* * * LOW HITPOINT WARNING * * *
You block the steam dragon's attack.
The steam dragon claws you but does no damage.
You barely miss the steam dragon.
You tail-slap the steam dragon, but do no damage.
The steam dragon is moderately wounded.
The steam dragon bites you but does no damage.
The steam dragon claws you but does no damage.
The steam dragon bites you.
* * * LOW HITPOINT WARNING * * *
The steam dragon claws you but does no damage.
It was a potion of attraction.
You feel attractive to monsters.
The steam dragon bites you but does no damage.
You block the steam dragon's attack.
You slash the steam dragon!
Your tail-slap misses the steam dragon.
The steam dragon is heavily wounded.
The steam dragon bites you.
* * * LOW HITPOINT WARNING * * *
The steam dragon barely misses you.
It was a potion of brilliance.
You feel clever all of a sudden. You block the steam dragon's attack.
The steam dragon barely misses you.
It was a potion of haste.
You feel yourself speed up.
The steam dragon bites you but does no damage.
The steam dragon claws you.
* * * LOW HITPOINT WARNING * * *
You hit the steam dragon but do no damage.
The steam dragon is heavily wounded.
The steam dragon barely misses you. x2
You closely miss the steam dragon.
The steam dragon is heavily wounded.
You block the steam dragon's attack.
The steam dragon claws you but does no damage.
You hit the steam dragon.
The steam dragon is severely wounded.
The steam dragon breathes steam at you. The ball of steam hits you!
You die...

####### #.(...#
####.....# ..#.....#
# ###.#.....#
##.#<#.#.....#
##......'.....#
#......D@#.....#
###########.....####
#> ................
#.#########.....####
#...................
##........#.....####
#........###+#.#
#............#.#
#............#.#


You could see a steam dragon (catching breath).

Vanquished Creatures
  An iguana (D:6)
  3 adders (D:3)
  2 worms
  4 orcs (D:3)
  3 endoplasms
  2 giant cockroaches
  4 goblins
  8 hobgoblins
  7 quokkas
  3 ball pythons
  3 frilled lizards
  4 kobolds
  A rat (D:2)
45 creatures vanquished.

Notes
Turn   | Place    | Note
-------+----------+-------------------------------------------
     0 | D:1      | Spaninq the Palentonga Fighter began the quest for the Orb.
     0 | D:1      | Reached XP level 1. HP: 19/19 MP: 1/1
   270 | D:1      | Reached XP level 2. HP: 25/25 MP: 2/2
   555 | D:1      | Found a faded altar of an unknown god.
  1068 | D:2      | Reached XP level 3. HP: 23/31 MP: 3/3
  1349 | D:2      | Found Bozut's Magic Scroll Shoppe.
  1916 | D:3      | Reached XP level 4. HP: 37/37 MP: 4/4
  2096 | D:3      | Found a glowing silver altar of Zin.
  2097 | D:3      | Found an opulent altar of Gozag.
  2173 | D:3      | You fall into a shaft and drop 3 floors!
  2331 | D:6      | Noticed a steam dragon
  2345 | D:6      | Killed from afar by a steam dragon

Illustrated notes

Levels and vault maps discovered:
D:1:      amcnicky_arrival_abandoned_market, layout_basic,
          shapermc_ecumenical_altar_mp_urbaneastern
D:2:      layout_basic, serial_shops, nicolae_shop_waterfront
D:3:      layout_basic, grunt_temple_overflow_gold_and_silver,
          columned_hall_lemuel
D:6:      layout_basic, small_statue_intersection

Skill      XL: |  1  2  3  4 |
---------------+-------------+-----
Axes           | 3 |  3.6
Shields        | 3 |  3.0
Fighting       | |  3.7
Armour         | |  2.5

Action                   |  1- 3 |  4- 6 || total
-------------------------+-------+-------++-------
Melee: War axe           |    78 |    35 ||   113
       Tailslap          |     8 |     4 ||    12
 Abil: Rolling Charge    |     9 |       ||     9
  Use: Potion            |       |     3 ||     3
Armor: Scale mail        |    28 |    27 ||    55
Dodge: Dodged            |    22 |    10 ||    32
Block: Kite shield       |    28 |    22 ||    50

Table legend: (Time is in decaauts)
 A = Elapsed time spent in this place.
 B = Non-inter-level travel time spent in this place.
 C = Inter-level travel time spent in this place.
 D = Time resting spent in this place.
 E = Time spent auto-exploring this place.
 F = Levels seen in this place.
 G = Mean time per level.
                   A        B        C        D        E       F      G
               +--------+--------+--------+--------+--------+-----+--------+
         Total |   2407 |   2345 |     62 |    614 |   1358 |   4 |  601.8 |
       Dungeon |   2407 |   2345 |     62 |    614 |   1358 |   4 |  601.8 |
               +--------+--------+--------+--------+--------+-----+--------+

Top non-repeatable levels by time:
     D:1: 1064 daAuts
     D:3: 641 daAuts
     D:2: 525 daAuts
     D:6: 175 daAuts
